 Dungeon Crawl Stone Soup version 0.17.1-3-g152610e (webtiles) character file.

16494 Malhgor the Cleaver (level 12, -5/106 HPs)
             Began as a Deep Dwarf Hunter on Mar 20, 2016.
             Was a High Priest of Makhleb.
             Killed from afar by Azrael (7 damage)
             ... with a fireball
             ... on level 12 of the Dungeon.
             The game lasted 01:16:02 (10397 turns).

Malhgor the Cleaver (Deep Dwarf Hunter)            Turns: 10397, Time: 01:16:04

Health: -5/106     AC: 19    Str: 20    XL:     12   Next: 10%
Magic:  10/10      EV:  8    Int: 13    God:    Makhleb [*****.]
Gold:   123        SH:  0    Dex: 10    Spells: 0 memorised, 11 levels left

rFire  + . .     SeeInvis .     P - +0 battleaxe
rCold  + . .     Clarity  +     K - +0 plate armour
rNeg   . . .     SustAt   .     (shield currently unavailable)
rPois  +         Gourm    .     k - +0 helmet
rElec  .         Spirit   .     s - +0 cloak
rCorr  .         Warding  .     D - +2 pair of gloves
rMut   +         Stasis   .     (no boots)
MR     ++...                    r - amulet of resist mutation
Stlth  ..........               O - ring of Caetuida {rPois rF+ MR+ Dex-3}
                                L - ring of protection from cold

@: liquid flames, non-regenerating, glowing, very resistant to hostile
enchantments, extremely unstealthy
A: damage resistance, recharge devices, clarity, sense surroundings 2, slow
regeneration 3
a: Device Recharging, Minor Destruction, Lesser Servant of Makhleb, Major
Destruction, Greater Servant of Makhleb, Renounce Religion


You were on level 12 of the Dungeon.
You worshipped Makhleb.
Makhleb was extremely pleased with you.
You were not hungry.

You visited 2 branches of the dungeon, and saw 13 of its levels.

You collected 620 gold pieces.
You spent 497 gold pieces at shops.

Inventory:

Hand Weapons
 a - a +2 war axe of chopping
 b - a +1 hand crossbow
 c - a +2 hand axe of flaming
 P - a +0 battleaxe (weapon)
Missiles
 d - 35 bolts
 J - 6 bolts of flame
Armour
 k - a +0 helmet (worn)
 s - a +0 cloak (worn)
 D - a +2 pair of gloves (worn)
 K - a +0 plate armour (worn)
Jewellery
 p - an uncursed ring of wizardry
 r - an amulet of resist mutation (around neck)
 y - an uncursed amulet of resist corrosion
 L - a ring of protection from cold (left hand)
 O - the ring of Caetuida (right hand) {rPois rF+ MR+ Dex-3}
   (You bought it in a shop on level 10 of the Dungeon)

   [ring of protection from fire]

   It affects your dexterity (-3).
   It protects you from fire.
   It protects you from poison.
   It affects your resistance to hostile enchantments.
Wands
 e - a wand of heal wounds (0)
 g - a wand of cold (3)
 i - a wand of magic darts (20)
 A - a wand of paralysis (0)
 E - a wand of polymorph (10)
 F - a wand of flame (1)
 G - a wand of draining (11)
 M - a wand of confusion (22)
Scrolls
 l - 4 scrolls of remove curse
 n - a scroll of silence
 o - a scroll of blinking
 u - a scroll of fear
 x - a scroll of magic mapping
 B - a scroll of enchant weapon
 C - a scroll of noise
 I - 5 scrolls of amnesia
 N - a scroll of brand weapon
 Q - a scroll of torment {unknown}
Potions
 j - a potion of lignification
 q - 2 potions of brilliance
 v - a potion of resistance
 z - 2 potions of flight
Miscellaneous
 H - a sack of spiders
Comestibles
 f - 7 bread rations
 h - a chunk of flesh
 m - 8 meat rations
 w - 6 beef jerkies


   Skills:
 + Level 6.6 Fighting
 * Level 12.2 Axes
 + Level 8.7 Crossbows
 + Level 7.6 Armour
 + Level 6.9 Dodging
 - Level 1.2 Stealth
 + Level 8.1 Invocations
 + Level 9.2 Evocations


You had 11 spell levels left.
You didn't know any spells.

Dungeon Overview and Level Annotations

Branches:
Dungeon (12/15)            Temple (1/1) D:6            Lair (0/8) D:11
    Orc (0/4) D:11

Altars:
Ashenzari
Cheibriados
Dithmenos
Elyvilon
Fedhas
Gozag
Kikubaaqudgha
Makhleb
Nemelex Xobeh
Okawaru
Qazlal
Ru
Sif Muna
Trog
Vehumet
Xom
Yredelemnul
Zin
The Shining One

Shops:
D:10 =

Annotations:
D:1 Done
D:2 Done
D:3 Done
D:4 Done
D:5 Done
D:6 Done
D:7 Done
D:8 Done
D:9 Done
D:11 Done
D:12 Azrael


Innate Abilities, Weirdness & Mutations

You are resistant to damage.
You can recharge devices by infusing magical energy.
You passively map the area around you.
You do not regenerate naturally.
You possess an exceptional clarity of mind.


Message History

The blast of flame hits the hell hound.
The hell hound completely resists.
The blast of flame hits the fire elemental.
The fire elemental completely resists.
Evoke which item? (* to show all) (? for menu, Esc to quit)
Zapping:
g - a wand of cold (4)
Press: ? - help, Shift-Dir - straight line, f/p - Azrael
Aim: Azrael, wielding a scimitar of flaming (heavily wounded)
The bolt of cold hits Azrael.
Azrael is frozen!
Azrael is almost dead.
This wand has 3 charges left.
You are covered in liquid flames!
The hell hound barely misses you.
The hell hound bites you but does no damage.
The fire elemental hits you. The fire elemental burns you! You resist.
The hell hound barely misses you.
The hell hound bites you but does no damage. x2
Azrael howls in rage.
Azrael gestures at you.
The fireball explodes!
The fireball engulfs you! You resist.
You die...

,,, * ,, * *, ,
, ,, , ..# , ,
,,* * * #.# * ,
*, , , ,, ..., *
#.# + *
####.####.# , ,*
* , ,
#.........#,, *
* #..hRE....#, ,
#.Eh@h....#8,,*,
* #########..#*
+ * * ,,, , * *,
, * **, * * , ,
, * , * , * ,
,*, , ,,,,


You could see Azrael, 2 fire elementals and 3 hell hounds.

Vanquished Creatures
  Josephine (D:11)
  The ghost of Shufflesack the Unseen, a novice OpAs of Dithmenos (D:7)
  2 hill giants (D:11)
  2 ugly things (D:11)
  A gargoyle (D:11)
  A troll (D:9)
  A two-headed ogre (D:10)
  4 slime creatures (D:11)
  30 yaks
  A deep elf mage (D:10)
  4 wraiths (D:11)
  Eustachio (D:5)
  A wyvern (D:10)
  3 hippogriffs
  3 hungry ghosts
  3 water moccasins
  A soldier ant (D:10)
  2 black bears (D:9)
  5 centaurs
  7 orc warriors
  2 necrophages
  An ice beast (D:11)
  4 sky beasts
  2 phantoms
  A crocodile (D:11)
  6 ogres
  2 big kobolds
  4 giant frogs
  4 scorpions
  14 killer bees (D:10)
  A centaur skeleton (D:8)
  A crimson imp (D:10)
  12 orc priests
  5 wights (D:10)
  3 giant frog skeletons
  6 jellies
  15 orc wizards
  A hound (D:7)
  3 iguanas
  6 worker ants
  2 hound skeletons
  Robin (D:2)
  A worker ant zombie (D:5)
  10 gnolls
  3 shadow imps
  8 adders
  3 adder zombies
  2 oozes
  An adder skeleton (D:9)
  2 worms
  42 orcs
  A ball python (D:6)
  4 giant cockroaches
  11 hobgoblins
  9 jackals
  18 kobolds
  4 quokkas
  3 bats
  5 giant geckos
  3 giant newts
  8 goblins
  A jackal skeleton (D:8)
  A jackal zombie (D:6)
  5 rats
  A plant (D:11)
316 creatures vanquished.

Vanquished Creatures (others)
  A quasit (D:10)
  An orc wizard (D:11)
  12 plants (D:11)
14 creatures vanquished.

Grand Total: 330 creatures vanquished

Notes
Turn   | Place    | Note
--------------------------------------------------------------
     0 | D:1      | Malhgor the Deep Dwarf Hunter began the quest for the Orb.
     0 | D:1      | Reached XP level 1. HP: 19/19 MP: 1/1
   197 | D:1      | Reached XP level 2. HP: 12/26 MP: 2/2
   318 | D:2      | Noticed Robin
   359 | D:2      | Killed Robin
   359 | D:2      | Reached skill level 1 in Armour
   369 | D:2      | Reached XP level 3. HP: 12/32 MP: 3/3
   617 | D:1      | Reached skill level 5 in Crossbows
  1143 | D:2      | Reached skill level 1 in Evocations
  1209 | D:2      | Reached XP level 4. HP: 29/40 MP: 4/4
  1979 | D:3      | Found a basalt altar of Yredelemnul.
  2296 | D:4      | Found a white marble altar of Elyvilon.
  2366 | D:4      | Reached XP level 5. HP: 28/49 MP: 6/6
  2408 | D:5      | Entered Level 5 of the Dungeon
  2408 | D:5      | Noticed a phantom
  2600 | D:5      | Noticed a centaur
  2624 | D:5      | HP: 2/49 [centaur (1)]
  2630 | D:5      | Killed a centaur
  2883 | D:4      | Reached XP level 6. HP: 18/56 MP: 8/8
  2978 | D:4      | Noticed an ogre
  2982 | D:4      | Killed an ogre
  3422 | D:5      | Killed a phantom
  3422 | D:5      | Reached XP level 7. HP: 24/62 MP: 8/8
  3463 | D:5      | Noticed an ogre
  3472 | D:5      | Killed an ogre
  3472 | D:5      | Reached skill level 5 in Axes
  3524 | D:5      | Reached skill level 6 in Axes
  3566 | D:5      | Found a glowing golden altar of the Shining One.
  3614 | D:5      | Noticed Eustachio
  3653 | D:5      | Killed Eustachio
  3749 | D:5      | Reached skill level 7 in Axes
  3787 | D:6      | Found an iron altar of Okawaru.
  3937 | D:5      | Reached XP level 8. HP: 30/69 MP: 9/9
  4107 | D:6      | Found a basalt altar of Yredelemnul.
  4319 | D:6      | Reached skill level 8 in Axes
  4600 | D:6      | Found a staircase to the Ecumenical Temple.
  4621 | Temple   | Entered the Ecumenical Temple
  4642 | Temple   | Became a worshipper of Makhleb the Destroyer
  5189 | D:6      | Reached skill level 1 in Invocations
  5194 | D:6      | Found an ancient bone altar of Kikubaaqudgha.
  5389 | D:6      | Found a deep blue altar of Sif Muna.
  5544 | D:7      | Noticed Shufflesack's ghost (novice OpAs)
  5549 | D:7      | Gained mutation: You possess an exceptional clarity of mind. [potion of beneficial mutation]
  5578 | D:7      | Reached skill level 5 in Evocations
  5609 | D:7      | Killed Shufflesack's ghost
  5609 | D:7      | Reached skill level 9 in Axes
  5609 | D:7      | Gained mutation: You passively map the area around you. [Deep Dwarf growth]
  5609 | D:7      | Reached XP level 9. HP: 26/78 MP: 7/9
  5698 | D:7      | Reached * piety under Makhleb
  5703 | D:7      | Found a shimmering altar of Xom.
  6466 | D:8      | You fall through a shaft!
  6597 | D:8      | Reached ** piety under Makhleb
  6597 | D:8      | Reached skill level 5 in Armour
  6884 | D:8      | Found a radiant altar of Vehumet.
  6943 | D:8      | Reached skill level 10 in Axes
  6988 | D:8      | Reached XP level 10. HP: 45/87 MP: 9/9
  7010 | D:8      | Reached skill level 5 in Invocations
  7296 | D:8      | Reached skill level 5 in Fighting
  7352 | D:8      | Reached *** piety under Makhleb
  7745 | D:9      | Reached skill level 5 in Dodging
  7806 | D:10     | Entered Level 10 of the Dungeon
  8025 | D:10     | Reached **** piety under Makhleb
  8112 | D:9      | Reached skill level 11 in Axes
  8429 | D:11     | Noticed a white ugly thing
  8440 | D:10     | Found Jaeket's Jewellery Emporium.
  8461 | D:10     | Reached XP level 11. HP: 21/97 MP: 9/9
  8598 | D:10     | Bought the ring of Caetuida {rPois rF+ MR+ Dex-3} for 497 gold pieces
  8974 | D:11     | Reached ***** piety under Makhleb
  9099 | D:11     | Noticed Josephine
  9184 | D:11     | Killed Josephine
  9218 | D:11     | Noticed a brown ugly thing
  9275 | D:11     | Killed a brown ugly thing
  9485 | D:11     | Killed a white ugly thing
  9485 | D:11     | Reached skill level 12 in Axes
  9737 | D:11     | Found a staircase to the Lair.
  9749 | D:11     | Noticed a hill giant
  9760 | D:11     | Killed a hill giant
  9775 | D:11     | Reached XP level 12. HP: 58/106 MP: 10/10
  9914 | D:11     | Noticed a hill giant
  9921 | D:11     | Killed a hill giant
 10192 | D:11     | Found a staircase to the Orcish Mines.
 10393 | D:12     | Noticed Azrael
 10396 | D:12     | HP: 4/106 [hell hound[Azrael] (2)]
 10397 | D:12     | Killed from afar by Azrael

Action                   |  1- 3 |  4- 6 |  7- 9 | 10-12 || total
-------------------------+-------+-------+-------+-------++-------
Melee: Short sword       |   161 |   180 |       |       ||   341
       Hand axe          |       |    45 |   186 |       ||   231
       War axe           |       |       |   410 |   907 ||  1317
       Dire flail        |       |       |       |     6 ||     6
       Battleaxe         |       |       |       |     1 ||     1
 Fire: Hand crossbow     |    11 |    26 |    31 |   114 ||   182
Invok: Minor Destruction |       |       |       |     2 ||     2
       Major Destruction |       |       |       |     1 ||     1
 Abil: Device Recharging |       |     2 |     3 |     3 ||     8
Evoke: Wand              |     3 |     4 |    18 |    26 ||    51
  Use: Scroll            |       |       |    20 |     9 ||    29
       Potion            |       |       |     1 |     5 ||     6
 Stab: Sleeping          |     1 |     1 |       |       ||     2
       Paralysed         |       |       |       |     7 ||     7
  Eat: Chunk             |     1 |     7 |    16 |    24 ||    48
       Royal jelly       |       |       |     3 |       ||     3
       Beef jerky        |       |       |     1 |     1 ||     2
